 Dungeon Crawl Stone Soup version 0.28-a0-706-gf6f64a616a (webtiles) character file.

Game seed: 9871464770853028571

5378 ytrimaz the Cleaver (level 10, -2/71 HPs)
             Began as a Formicid Fighter on Oct 24, 2021.
             Was a Believer of Okawaru.
             Slain by a basilisk (6 damage)
             ... while petrified by a basilisk
             ... on level 8 of the Dungeon.
             The game lasted 00:14:47 (10475 turns).

ytrimaz the Cleaver (Formicid Fighter)             Turns: 10475, Time: 00:14:48

Health: -2/71      AC:  9    Str: 24    XL:     10   Next: 98%
Magic:  10/10      EV:  2    Int:  8    God:    Okawaru [**....]
Gold:   450        SH:  0    Dex: 10    Spells: 9/9 levels left

rFire   . . .      SeeInvis +   m - +3 executioner's axe
rCold   . . .      Faith    .   c - +0 buckler
rNeg    + + +      Spirit   .   b - +0 scale mail
rPois   ∞          Reflect  +   (helmet unavailable)
rElec   .          Harm     .   (no cloak)
rCorr   +          Rampage  .   o - +0 pair of gloves
Will    +....                   (no boots)
Stlth   ..........              k - amulet of reflection
HPRegen 0.21/turn               e - ring of resist corrosion
MPRegen 0.12/turn               i - +4 ring of evasion

@: mighty, petrified
A: permanent stasis, dig shafts and tunnels, antennae 3, four strong arms
a: Dig, Shaft Self, Renounce Religion, Heroism


You were on level 8 of the Dungeon.
You worshipped Okawaru.
Okawaru was pleased with you.
You visited 2 branches of the dungeon, and saw 9 of its levels.
You also visited: Ossuary.

You collected 450 gold pieces.

Inventory:

Hand Weapons
 a - a +0 trident
 j - a +0 battleaxe
 m - a +3 executioner's axe (weapon)
Missiles
 n - a throwing net (quivered)
Armour
 b - a +0 scale mail (worn)
 c - a +0 buckler (worn)
 o - a +0 pair of gloves (worn)
Jewellery
 e - a ring of resist corrosion (left hand)
 i - a +4 ring of evasion (right hand)
 k - an amulet of reflection (around neck)
 w - a +6 ring of dexterity
Wands
 r - a wand of iceblast (9)
 x - a wand of charming (16)
Scrolls
 d - a scroll of holy word
 f - 2 scrolls of magic mapping
 h - a scroll of amnesia
 v - a scroll of fog
Potions
 g - 3 potions of curing
 l - 3 potions of magic
 p - a potion of mutation
 q - 2 potions of flight
 A - 2 potions of attraction {unknown}
 B - a potion of invisibility {unknown}


   Skills:
 - Level 4.1 Fighting
 * Level 12.5(12.6) Axes
 - Level 3.0(8.6) Polearms
 * Level 8.5 Armour
 * Level 6.5 Shields
 + Level 0.2 Invocations


You had 9 spell levels left.
You didn't know any spells.
Your spell library contained the following spells:

 Spells                   Type           Power      Damage    Failure   Level
 Beastly Appendage        Tmut           0%         N/A       67%         1
 Pain                     Necr           0%         1d4       67%         1
 Wereblood                Tmut           0%         N/A       80%         2
 Lesser Beckoning         Tloc           0%         N/A       95%         3
 Spider Form              Tmut/Pois      0%         N/A       95%         3
 Vampiric Draining        Necr           0%         2d6       95%         3
 Manifold Assault         Tloc           0%         N/A       100%        5
 Animate Skeleton         Necr           Unusable   N/A       N/A         1
 Blink                    Tloc           Unusable   N/A       N/A         2

Dungeon Overview and Level Annotations

Branches:
Dungeon (8/15)             Temple (1/1) D:7         Ossuary (visited)
   Lair: D:8-11

Altars:
Ashenzari
Cheibriados
Dithmenos
Elyvilon
Fedhas
Gozag
Hepliaklqana
Kikubaaqudgha
Makhleb
Nemelex Xobeh
Okawaru
Qazlal
Ru
Sif Muna
Trog
Uskayaw
Vehumet
Wu Jian
Xom
Yredelemnul
Zin
The Shining One

Portals:
Abyss: D:4

Annotations:
D:4 2 transporters, ytrimaz's ghost, amateur FoFi
D:6 1 runed translucent door, Crazy Yiuf


Innate Abilities, Weirdness & Mutations

You cannot be hasted, slowed, berserked, paralysed or teleported.
You can dig through walls and to a lower floor.
You have a pair of large antennae on your head. (SInv)
Your four strong arms can wield two-handed weapons with a shield.


Message History

The splash of acid hits you! You resist. The acid corrodes you!
You hit the acid dragon but do no damage.
The acid dragon is heavily wounded.
A basilisk comes into view.
The acid dragon bites you!
* * * LOW HITPOINT WARNING * * *
The acid dragon completely misses you.
You hit the acid dragon.
The acid dragon is heavily wounded.
The acid dragon closely misses you. The acid dragon misses you.
Unknown command.
You feel very mighty all of a sudden. You block the acid dragon's attack. x2
You slash the acid dragon!
The acid dragon is almost dead.
The acid dragon misses you. The acid dragon barely misses you.
You slice the acid dragon!!
You kill the acid dragon!
Okawaru accepts your kill. The basilisk gazes at you.
You are slowing down.
Unknown command.
The basilisk bites you.
* * * LOW HITPOINT WARNING * * *
Your limbs are stiffening.
You see here an acid dragon corpse.
Unknown command.
You closely miss the basilisk. You block the basilisk's attack.
The basilisk gazes at you.
You easily resist.
You have turned to stone.
The basilisk barely misses you. The basilisk bites you.
* * * LOW HITPOINT WARNING * * *
The basilisk bites you!
* * * LOW HITPOINT WARNING * * *
You are no longer corroded.
The basilisk bites you!
* * * LOW HITPOINT WARNING * * *
The basilisk bites you!
You die...

#..........##.....##.
########....................
#.............<.............
#.######.....................
#.# ######################
#.# ####.## #.# ##.......
#.#### ##.l..# #)##.#####
####.@# #........###...##.#
#########...#### ## #.####
###


You could see a basilisk.

Vanquished Creatures
  Harold (D:7)
  Erica (D:7)
  Maggie (D:7)
  Joseph (D:7)
  Psyche (D:8)
  A komodo dragon (D:8)
  Grinder (D:3)
  A wyvern (D:6)
  Edmund (D:5)
  An acid dragon (D:8)
  An orc warrior (D:6)
  2 sky beasts (D:7)
  An ogre (D:6)
  A necrophage (D:6)
  2 centaurs
  A phantom (D:6)
  A bullfrog (D:8)
  A wyvern zombie (D:5)
  An elf zombie (Ossuary)
  A gnoll sergeant (D:8)
  A scorpion (D:5)
  9 killer bees
  2 howler monkeys
  6 wights (D:7)
  2 jellies
  2 centaur zombies (D:6)
  3 human zombies (Ossuary)
  2 bullfrog skeletons (D:5)
  A gnoll shaman (D:6)
  An orc priest (D:4)
  A hound (D:7)
  An orc wizard (D:4)
  A killer bee zombie (D:8)
  A hound zombie (Ossuary)
  3 mummies (Ossuary)
  15 gnolls
  2 howler monkey skeletons
  8 adders
  A white imp (D:6)
  An adder skeleton (D:4)
  3 adder zombies (Ossuary)
  4 dart slugs
  19 orcs
  9 endoplasms
  2 giant cockroaches
  7 goblins
  2 hobgoblins
  5 jackals
  2 quokkas
  8 ball pythons
  4 bats
  3 frilled lizards
  2 gnoll zombies (Ossuary)
  3 goblin zombies (Ossuary)
  5 hobgoblin zombies (Ossuary)
  2 jackal zombies
  5 kobolds
  5 kobold zombies (Ossuary)
  3 orc zombies (Ossuary)
  A quokka zombie (Ossuary)
  6 rats
  7 rat zombies (Ossuary)
192 creatures vanquished.

Vanquished Creatures (others)
  A bat (D:2)
  4 fungi (D:3)
5 creatures vanquished.

Grand Total: 197 creatures vanquished

Notes
Turn   | Place    | Note
-------+----------+-------------------------------------------
     0 | D:1      | ytrimaz the Formicid Fighter began the quest for the Orb.
     0 | D:1      | Reached XP level 1. HP: 18/18 MP: 1/1
   164 | D:1      | Reached XP level 2. HP: 24/24 MP: 2/2
   779 | D:2      | Reached XP level 3. HP: 29/29 MP: 3/3
  1776 | D:3      | Reached XP level 4. HP: 36/36 MP: 4/4
  1783 | D:3      | Reached skill level 1 in Axes
  1832 | D:3      | Reached XP level 5. HP: 23/42 MP: 5/5
  2065 | D:3      | Noticed Grinder
  2077 | D:3      | Killed Grinder
  2078 | D:3      | Reached skill level 3 in Axes
  2078 | D:3      | Reached skill level 5 in Armour
  2078 | D:3      | Reached XP level 6. HP: 10/48 MP: 6/6
  2583 | D:3      | Found a shimmering blue altar of Sif Muna.
  2904 | D:3      | Reached skill level 4 in Axes
  3330 | D:2      | Reached XP level 7. HP: 50/54 MP: 7/7
  3632 | D:4      | Found a transporter.
  3686 | D:4      | Found a transporter.
  3696 | D:4      | Found a one-way gate to the infinite horrors of the Abyss.
  3696 | D:4      | Noticed ytrimaz's ghost (amateur FoFi)
  3724 | D:4      | Identified the +1 ring mail "Caegre" {Harm Rampage}
  4600 | D:5      | Entered Level 5 of the Dungeon
  4671 | D:5      | Reached skill level 5 in Axes
  5150 | D:5      | Reached XP level 8. HP: 23/60 MP: 8/8
  5404 | D:5      | Noticed Edmund
  5425 | D:5      | Killed Edmund
  5426 | D:5      | Reached skill level 6 in Axes
  5718 | D:6      | Found a sand-covered staircase.
  5730 | Ossuary  | Entered an ossuary
  5858 | Ossuary  | Reached skill level 7 in Axes
  6551 | D:6      | Noticed a wyvern
  6559 | D:6      | Killed a wyvern
  6560 | D:6      | Reached skill level 8 in Axes
  6560 | D:6      | Reached XP level 9. HP: 65/65 MP: 9/9
  7047 | D:6      | Reached skill level 9 in Axes
  7072 | D:6      | Found a runed translucent door.
  7073 | D:6      | Noticed Crazy Yiuf
  8077 | D:7      | Noticed Joseph
  8096 | D:7      | Killed Joseph
  8097 | D:7      | Reached skill level 10 in Axes
  8594 | D:7      | Found a staircase to the Ecumenical Temple.
  8610 | D:7      | Reached XP level 10. HP: 66/71 MP: 10/10
  8617 | Temple   | Entered the Ecumenical Temple
  8717 | Temple   | Became a worshipper of Warmaster Okawaru
  8731 | D:7      | Noticed Maggie
  8743 | D:7      | Killed Maggie
  8744 | D:7      | Reached skill level 5 in Shields
  8984 | D:7      | Noticed Harold
  9002 | D:7      | Killed Harold
  9002 | D:7      | Reached * piety under Okawaru
  9003 | D:7      | Reached skill level 11 in Axes
  9534 | D:8      | Noticed a two-headed ogre
  9534 | D:8      | Noticed Erica
  9883 | D:7      | Killed Erica
  9883 | D:7      | Reached ** piety under Okawaru
  9884 | D:7      | Reached skill level 12 in Axes
 10254 | D:8      | Noticed Psyche
 10275 | D:8      | Killed Psyche
 10452 | D:8      | Noticed a komodo dragon
 10462 | D:8      | Killed a komodo dragon
 10475 | D:8      | Slain by a basilisk

Illustrated notes

Levels and vault maps discovered:
D:1:      minmay_arrival_wavy_path, layout_basic
D:2:      layout_loops_corners, hangedman_decor_lopped
D:3:      layout_basic, general_overflow_altar, hangedman_decor_peaks_small,
          st_stairs_14, minmay_shallow_snake_nest, uniq_grinder
D:4:      cheibrodos_quashed, layout_basic, gammafunk_ghost_abyssal_escape
D:5:      layout_loops_ring, uniq_edmund
D:6:      layout_gridville, enter_ossuary_3, minmay_misc_feat_nine_boxes,
          uniq_crazy_yiuf_cottage
D:7:      layout_loops_corners, temple_green, dk_noncrumbling_4, uniq_harold,
          uniq_joseph, uniq_maggie
D:8:      layout_gridville, erik_lair_dragon, uniq_erica, uniq_psyche
Temple:   dpeg_three_leaves_temple

Skill      XL: |  1  2  3  4  5  6  7  8  9 10 |
---------------+-------------------------------+-----
Polearms       | 3 |  3.0
Armour         | 4 5 6 7 8 |  8.5
Axes           | 1 3 4 5 8 10 12 | 12.5
Fighting       | 4 |  4.1
Shields        | 4 6 |  6.5
Invocations    | |  0.2

Action                   |  1- 3 |  4- 6 |  7- 9 | 10-12 || total
-------------------------+-------+-------+-------+-------++-------
Melee: Trident           |    77 |       |       |       ||    77
       Executioner's axe |     9 |    89 |   356 |    93 ||   547
       Unarmed           |       |       |       |     4 ||     4
Throw: Throwing net      |       |       |       |     1 ||     1
Invok: Heroism           |       |       |       |     4 ||     4
 Abil: Dig               |       |       |       |     2 ||     2
  Use: Scroll            |     4 |     3 |    10 |     1 ||    18
       Potion            |       |     8 |     3 |     4 ||    15
Armor: Scale mail        |    15 |    47 |   114 |    21 ||   197
       Ring mail         |       |       |    18 |       ||    18
       Skin              |       |       |     5 |     5 ||    10
Dodge: Dodged            |    61 |   111 |   267 |    71 ||   510
Block: Buckler           |    13 |    38 |   127 |    64 ||   242
       Reflection        |       |       |     1 |       ||     1

Table legend: (Time is in decaauts)
 A = Elapsed time spent in this place.
 B = Non-inter-level travel time spent in this place.
 C = Inter-level travel time spent in this place.
 D = Time resting spent in this place.
 E = Time spent auto-exploring this place.
 F = Levels seen in this place.
 G = Mean time per level.
                   A        B        C        D        E       F      G
               +--------+--------+--------+--------+--------+-----+--------+
         Total |  10785 |  10549 |    236 |   3533 |   4741 |  10 | 1078.5 |
       Dungeon |  10242 |  10006 |    236 |   3445 |   4673 |   8 | 1280.2 |
        Temple |    110 |    110 |      0 |      0 |     68 |   1 |  110.0 |
       Ossuary |    432 |    432 |      0 |     88 |      0 |   1 |  432.0 |
               +--------+--------+--------+--------+--------+-----+--------+

Top non-repeatable levels by time:
     D:7: 2840 daAuts
     D:3: 1491 daAuts
     D:2: 1479 daAuts
     D:6: 1336 daAuts
     D:5: 1091 daAuts
     D:4: 1051 daAuts
     D:1: 719 daAuts
 Ossuary: 432 daAuts
     D:8: 232 daAuts
  Temple: 110 daAuts
